 Dungeon Crawl Stone Soup version 0.27.1-3-gb3d3a73c9e (webtiles) character file.

Game seed: 9740144987907842954

66 earthworldpsion the Insei (level 3, -2/28 HPs)
             Began as a Draconian Transmuter on Oct 17, 2021.
             Slain by a gnoll (4 damage)
             ... on level 2 of the Dungeon.
             The game lasted 00:08:17 (1209 turns).

earthworldpsion the Insei (Draconian Transmuter)    Turns: 1209, Time: 00:08:18

Health: -2/28      AC:  5    Str: 12    XL:     3   Next: 96%
Magic:  6/6        EV: 12    Int: 13    God:
Gold:   61         SH:  0    Dex: 12    Spells: 5/6 levels left

rFire    . . .     SeeInvis .     - Unarmed
rCold    . . .     Faith    .   (no shield)
rNeg     . . .     Spirit   .   (armour unavailable)
rPois    .         Reflect  .   (helmet restricted)
rElec    .         Harm     .   (no cloak)
rCorr    .         Rampage  .   (no gloves)
Will     .....                  (no boots)
Stlth    +.........             (no amulet)
HPRegen  0.09/turn              (no ring)
MPRegen  0.10/turn              (no ring)

@: no status effects
A: AC +5, unfitting armour, cold-blooded
a: no special abilities


You were on level 2 of the Dungeon.
You visited 1 branch of the dungeon, and saw 2 of its levels.

You collected 61 gold pieces.

Inventory:

Hand Weapons
 a - a +0 hand axe
Scrolls
 c - a scroll of identify {unknown}


   Skills:
 + Level 1.5 Fighting
 + Level 1.3 Axes
 + Level 2.1 Dodging
 + Level 0.4 Stealth
 + Level 3.6 Unarmed Combat
 + Level 2.4 Spellcasting
 + Level 2.2 Transmutations


You had 5 spell levels left.
You knew the following spells:

 Your Spells              Type           Power      Damage    Failure   Level
a - Beastly Appendage     Tmut           14%        N/A       10%         1

Your spell library contained the following spells:

 Spells                   Type           Power      Damage    Failure   Level
 Wereblood                Tmut           7%         N/A       16%         2
 Spider Form              Tmut/Pois      2%         N/A       43%         3
 Ice Form                 Ice/Tmut       4%         N/A       83%         4


Dungeon Overview and Level Annotations

Branches:
Dungeon (1/15)

Altars:


Innate Abilities, Weirdness & Mutations

Your plain brown scales are hard. (AC +5)
You cannot fit into any form of body armour.
You are cold-blooded and may be slowed by cold attacks.


Message History

The gnoll barely misses you.
Found an escape hatch in the ceiling.
Found a stone staircase leading down.
You hit the gnoll. Your kick misses the gnoll.
The gnoll is lightly wounded.
You hit the gnoll but do no damage.
The gnoll is lightly wounded.
The gnoll hits you with a +0 club.
* * * LOW HITPOINT WARNING * * *
The gnoll barely misses you.
As you read the scroll labelled NOGOHO NUSI, it crumbles to dust.
It is a scroll of amnesia.
Okay, then.
The gnoll barely misses you. The gnoll closely misses you.
You barely miss the gnoll. You headbutt the gnoll.
The gnoll is heavily wounded.
The gnoll hits you with a +0 whip.
* * * LOW HITPOINT WARNING * * *
The gnoll hits you with a +0 club.
* * * LOW HITPOINT WARNING * * *
You hit the gnoll. You claw the gnoll.
You kill the gnoll!
Your horns disappear.
Your talons disappear.
The gnoll closely misses you.
You closely miss the gnoll.
Your tail-slap misses the gnoll.
The gnoll hits you with a +0 club.
* * * LOW HITPOINT WARNING * * *
You hit the gnoll.
The gnoll is lightly wounded.
The gnoll closely misses you.
You hit the gnoll but do no damage.
The gnoll is lightly wounded.
The gnoll completely misses you.
You hit the gnoll.
The gnoll is moderately wounded.
The gnoll barely misses you.
Found a pair of boots.
You hit the gnoll.
The gnoll is moderately wounded.
The gnoll hits you with a +0 club.
You die...

..## # ..###+# .#
#.....##.#.
+..........
#######.........[
.................
######.)...........
......))..g@.......
..###..............
#.......#.####.
#.#.......#
#.#.####..# #.#.#
<.# # #.# #>.. #.#
##.


You could see a gnoll.

Vanquished Creatures
  3 gnolls (D:2)
  4 ball pythons
  4 endoplasms (D:1)
  2 giant cockroaches (D:1)
  3 goblins
  4 hobgoblins (D:1)
  4 jackals (D:1)
  A kobold (D:1)
  3 bats (D:1)
  2 frilled lizards (D:1)
  2 rats (D:1)
32 creatures vanquished.

Notes
Turn   | Place    | Note
-------+----------+-------------------------------------------
     0 | D:1      | earthworldpsion the Draconian Transmuter began the quest
                  | for the Orb.
     0 | D:1      | Reached XP level 1. HP: 16/16 MP: 3/3
    51 | D:1      | Found a faded altar of an unknown god.
   321 | D:1      | Reached XP level 2. HP: 17/23 MP: 3/5
  1089 | D:1      | Reached XP level 3. HP: 23/28 MP: 6/6
  1184 | D:1      | You fall into a shaft and drop 1 floor!
  1193 | D:2      | Reached skill level 1 in Axes
  1209 | D:2      | Slain by a gnoll

Illustrated notes

Levels and vault maps discovered:
D:1:      dpeg_arrival_long_road, layout_basic,
          shapermc_ecumenical_altar_totnotflames
D:2:      layout_basic

Skill      XL: |  1  2  3 |
---------------+----------+-----
Dodging        | 2 |  2.1
Axes           | 1 |  1.3
Fighting       | |  1.5
Stealth        | |  0.4
Unarmed Combat | |  3.6
Spellcasting   | |  2.4
Transmutations | |  2.2

Action                   || total
-------------------------++-------
Melee: Unarmed           ||    65
       Kick              ||     8
       Hand axe          ||    42
       Tailslap          ||     4
       Headbutt          ||     4
 Cast: Beastly Appendage ||     4
  Use: Scroll            ||     1
Armor: Skin              ||    49
Dodge: Dodged            ||   108
